[ AOE2 MATCH · #495356982 ]
UnrankedAztecs vs Burgundians
Player's team · WIN
[ REPLAY ANALYSIS · EXTRACTED FROM THE RECORDED GAME ]
Feudal
11:50
Castle
24:32
Imperial
—
| APM avg | 88.1 |
| APM peak | 142 |
| eAPM avg | 39.1 |
| Villagers / military | 93 / 90 |
Focus
⚔️ 49.6% · 🌾 50.4%
Eagle Scout ×35 · Skirmisher ×31 · Militia ×13 · Archer ×7 · Spearman ×2 · Battering Ram ×2
Feudal
11:10
Castle
—
Imperial
—
| APM avg | 59.0 |
| APM peak | 99 |
| eAPM avg | 26.6 |
| Villagers / military | 46 / 51 |
Focus
⚔️ 51.8% · 🌾 48.2%
Archer ×30 · Flemish Militia ×17 · Spearman ×2 · Skirmisher ×2
Match map
Initial resources + every placement click. Lines = walls · curves = elevation contours. ◆ gold · ⬟ stone · ● berries · ✦ relic · ◌ wall gap
Your base· Open — unwalled flank
nW | AtilA's base· Open — unwalled flank
Smoothed initial terrain · ◌ = detected wall gap · hover for details
Inputs per minute
— SVTT | Альпинист - - nW | AtilA
Build order — SVTT | Альпинист
First 150 of 263 actions detected
| 0:00 | Queue | Villager (Male) |
| 0:01 | Queue | Villager (Male) |
| 0:02 | Build | House |
| 0:02 | Queue | Villager (Male) |
| 0:03 | Build | House |
| 0:06 | Queue | Villager (Male) |
| 0:06 | Queue | Villager (Male) |
| 1:32 | Queue | Villager (Male) |
| 1:32 | Queue | Villager (Male) |
| 2:06 | Queue | Villager (Male) |
| 2:06 | Queue | Villager (Male) |
| 2:26 | Queue | Villager (Male) |
| 2:28 | Build | Barracks |
| 2:47 | Queue | Villager (Male) |
| 2:47 | Queue | Villager (Male) |
| 3:05 | Build | House |
| 3:10 | Queue | Villager (Male) |
| 3:11 | Queue | Villager (Male) |
| 3:28 | Queue | Militia |
| 3:28 | Queue | Militia |
| 3:50 | Queue | Villager (Male) |
| 3:50 | Queue | Villager (Male) |
| 3:56 | Build | House |
| 4:01 | Queue | Militia |
| 4:02 | Queue | Militia |
| 4:18 | Queue | Villager (Male) |
| 4:31 | Queue | Villager (Male) |
| 4:31 | Queue | Villager (Male) |
| 4:34 | Build | House |
| 5:04 | Queue | Villager (Male) |
| 5:04 | Queue | Villager (Male) |
| 5:05 | Queue | Villager (Male) |
| 5:10 | Queue | Villager (Male) |
| 5:10 | Queue | Villager (Male) |
| 5:34 | Queue | Militia |
| 5:34 | Queue | Militia |
| 5:56 | Queue | Villager (Male) |
| 6:16 | Queue | Villager (Male) |
| 6:16 | Queue | Villager (Male) |
| 6:37 | Build | Mill |
| 6:42 | Queue | Villager (Male) |
| 6:42 | Queue | Villager (Male) |
| 7:08 | Queue | Villager (Male) |
| 7:08 | Queue | Villager (Male) |
| 7:09 | Queue | Villager (Male) |
| 7:09 | Queue | Villager (Male) |
| 7:17 | Build | Lumber Camp |
| 7:43 | Queue | Militia |
| 7:54 | Queue | Villager (Male) |
| 7:54 | Queue | Villager (Male) |
| 7:55 | Queue | Villager (Male) |
| 8:14 | Research | Loom |
| 8:14 | Research | Loom |
| 8:17 | Build | Farm |
| 8:56 | Queue | Villager (Male) |
| 8:59 | Build | Farm |
| 9:07 | Build | Farm |
| 9:40 | Research | Feudal Age |
| 9:41 | Research | Feudal Age |
| 9:46 | Build | Mill |
| 10:05 | Build | Mining Camp |
| 10:06 | Queue | Militia |
| 10:34 | Build | Farm |
| 11:11 | Queue | Villager (Male) |
| 11:41 | Build | House |
| 11:50 | Age | Feudal Age |
| 11:53 | Research | Man-at-Arms (upgrade) |
| 11:53 | Research | Man-at-Arms (upgrade) |
| 11:56 | Research | Double-Bit Axe |
| 11:56 | Research | Double-Bit Axe |
| 12:05 | Build | Watch Tower |
| 12:09 | Queue | Spearman |
| 12:12 | Queue | Villager (Male) |
| 12:14 | Build | Archery Range |
| 12:25 | Research | Arson |
| 12:25 | Research | Arson |
| 12:26 | Queue | Villager (Male) |
| 12:26 | Queue | Villager (Male) |
| 12:35 | Build | Farm |
| 12:52 | Queue | Villager (Male) |
| 12:52 | Queue | Villager (Male) |
| 13:19 | Queue | Skirmisher |
| 13:19 | Queue | Skirmisher |
| 13:19 | Queue | Skirmisher |
| 13:23 | Build | House |
| 13:31 | Queue | Skirmisher |
| 13:31 | Queue | Skirmisher |
| 13:31 | Queue | Skirmisher |
| 13:33 | Queue | Skirmisher |
| 13:33 | Queue | Skirmisher |
| 13:39 | Queue | Villager (Male) |
| 13:39 | Queue | Villager (Male) |
| 13:43 | Build | Farm |
| 13:45 | Build | Blacksmith |
| 13:58 | Queue | Villager (Male) |
| 13:59 | Queue | Villager (Male) |
| 14:00 | Queue | Skirmisher |
| 14:01 | Queue | Skirmisher |
| 14:01 | Queue | Skirmisher |
| 14:01 | Queue | Skirmisher |
| 14:06 | Build | House |
| 14:14 | Build | House |
| 14:25 | Queue | Skirmisher |
| 14:33 | Build | House |
| 14:34 | Build | Palisade Wall |
| 14:40 | Queue | Skirmisher |
| 14:49 | Research | Fletching |
| 14:57 | Queue | Skirmisher |
| 15:11 | Queue | Villager (Male) |
| 15:12 | Queue | Villager (Male) |
| 15:14 | Queue | Villager (Male) |
| 15:15 | Queue | Villager (Male) |
| 15:30 | Queue | Skirmisher |
| 15:30 | Queue | Skirmisher |
| 15:30 | Queue | Skirmisher |
| 15:52 | Build | Mining Camp |
| 15:52 | Queue | Villager (Male) |
| 15:53 | Queue | Villager (Male) |
| 15:59 | Queue | Archer |
| 15:59 | Queue | Archer |
| 16:20 | Build | Palisade Wall |
| 16:34 | Queue | Skirmisher |
| 16:53 | Queue | Skirmisher |
| 17:02 | Queue | Villager (Male) |
| 17:02 | Queue | Villager (Male) |
| 17:02 | Queue | Villager (Male) |
| 17:02 | Queue | Villager (Male) |
| 17:03 | Build | Farm |
| 17:04 | Build | Farm |
| 17:04 | Build | Farm |
| 17:07 | Build | Mill |
| 17:30 | Queue | Villager (Male) |
| 17:30 | Queue | Villager (Male) |
| 17:30 | Queue | Villager (Male) |
| 17:32 | Build | Farm |
| 17:32 | Build | Farm |
| 17:37 | Research | Horse Collar |
| 17:37 | Research | Horse Collar |
| 17:45 | Queue | Militia |
| 17:54 | Queue | Villager (Male) |
| 17:54 | Queue | Villager (Male) |
| 17:54 | Queue | Villager (Male) |
| 17:59 | Build | Farm |
| 18:01 | Build | House |
| 18:13 | Queue | Archer |
| 18:13 | Queue | Archer |
| 18:13 | Queue | Archer |
| 18:14 | Queue | Villager (Male) |
| 18:14 | Queue | Villager (Male) |
| 18:17 | Build | Farm |
Build order — nW | AtilA
140 actions detected in the replay
| 0:00 | Queue | Villager (Male) |
| 0:01 | Queue | Villager (Male) |
| 0:01 | Queue | Villager (Male) |
| 0:02 | Build | House |
| 0:03 | Build | House |
| 0:12 | Queue | Villager (Male) |
| 1:26 | Queue | Villager (Male) |
| 1:26 | Queue | Villager (Male) |
| 2:08 | Queue | Villager (Male) |
| 2:08 | Queue | Villager (Male) |
| 2:25 | Build | Lumber Camp |
| 2:29 | Queue | Villager (Male) |
| 2:30 | Queue | Villager (Male) |
| 2:55 | Queue | Villager (Male) |
| 3:17 | Build | House |
| 3:21 | Queue | Villager (Male) |
| 3:22 | Queue | Villager (Male) |
| 4:16 | Queue | Villager (Male) |
| 4:35 | Queue | Villager (Male) |
| 4:35 | Queue | Villager (Male) |
| 5:02 | Research | Loom |
| 5:11 | Queue | Villager (Male) |
| 5:11 | Queue | Villager (Male) |
| 5:11 | Queue | Villager (Male) |
| 5:12 | Queue | Villager (Male) |
| 5:16 | Build | House |
| 5:19 | Build | Palisade Wall |
| 5:43 | Queue | Villager (Male) |
| 6:00 | Queue | Villager (Male) |
| 6:00 | Queue | Villager (Male) |
| 6:08 | Research | Double-Bit Axe |
| 6:09 | Research | Double-Bit Axe |
| 6:23 | Queue | Villager (Male) |
| 6:37 | Queue | Villager (Male) |
| 6:46 | Queue | Villager (Male) |
| 6:51 | Queue | Villager (Male) |
| 7:30 | Build | Barracks |
| 8:06 | Build | House |
| 8:39 | Build | Palisade Wall |
| 8:42 | Build | Palisade Gate |
| 9:00 | Research | Feudal Age |
| 9:00 | Research | Feudal Age |
| 9:37 | Build | Mill |
| 9:49 | Build | House |
| 10:32 | Build | Mining Camp |
| 10:48 | Build | House |
| 10:59 | Build | House |
| 11:02 | Build | House |
| 11:09 | Build | House |
| 11:10 | Age | Feudal Age |
| 11:11 | Build | Palisade Wall |
| 11:16 | Build | Archery Range |
| 11:22 | Build | Palisade Wall |
| 11:32 | Queue | Villager (Male) |
| 11:40 | Queue | Villager (Male) |
| 11:43 | Research | Bow Saw |
| 11:54 | Queue | Archer |
| 12:10 | Build | Archery Range |
| 12:15 | Queue | Archer |
| 12:18 | Queue | Villager (Male) |
| 12:25 | Queue | Villager (Male) |
| 12:36 | Build | Watch Tower |
| 12:49 | Queue | Archer |
| 12:51 | Queue | Archer |
| 13:24 | Build | Palisade Wall |
| 13:25 | Build | Palisade Wall |
| 13:27 | Build | Palisade Wall |
| 13:47 | Queue | Villager (Male) |
| 14:38 | Queue | Villager (Male) |
| 14:45 | Queue | Villager (Male) |
| 14:46 | Queue | Villager (Male) |
| 14:49 | Queue | Archer ×3 |
| 15:25 | Queue | Flemish Militia |
| 15:25 | Queue | Flemish Militia |
| 15:37 | Queue | Villager (Male) |
| 15:51 | Queue | Spearman |
| 16:58 | Queue | Villager (Male) |
| 17:05 | Queue | Archer |
| 17:31 | Queue | Archer |
| 17:58 | Queue | Archer |
| 17:59 | Queue | Flemish Militia |
| 17:59 | Queue | Flemish Militia |
| 18:00 | Queue | Flemish Militia |
| 18:00 | Queue | Villager (Male) |
| 18:05 | Queue | Archer |
| 18:07 | Queue | Archer |
| 18:10 | Queue | Spearman |
| 18:14 | Queue | Flemish Militia |
| 18:25 | Build | Farm |
| 18:33 | Queue | Archer |
| 19:22 | Queue | Villager (Male) |
| 19:23 | Build | Blacksmith |
| 19:26 | Build | Farm |
| 19:26 | Build | Farm |
| 19:27 | Queue | Archer |
| 19:35 | Build | Farm |
| 19:43 | Queue | Archer |
| 19:44 | Queue | Archer |
| 19:55 | Research | Fletching |
| 19:56 | Research | Fletching |
| 20:03 | Queue | Archer |
| 20:04 | Queue | Archer |
| 20:09 | Build | Farm |
| 20:10 | Build | Farm |
| 20:33 | Queue | Archer ×5 |
| 20:57 | Queue | Flemish Militia |
| 20:57 | Queue | Flemish Militia |
| 21:19 | Build | Farm |
| 21:19 | Queue | Villager (Male) |
| 21:19 | Queue | Villager (Male) |
| 21:21 | Build | Farm |
| 21:22 | Build | Farm |
| 21:39 | Queue | Flemish Militia |
| 21:51 | Queue | Archer |
| 21:51 | Queue | Archer |
| 22:03 | Queue | Villager (Male) |
| 22:38 | Queue | Villager (Male) |
| 22:41 | Queue | Skirmisher |
| 22:54 | Build | House |
| 22:57 | Build | House |
| 23:05 | Queue | Skirmisher |
| 23:24 | Queue | Villager (Male) |
| 24:23 | Queue | Archer ×5 |
| 24:25 | Build | Farm |
| 24:27 | Build | Farm |
| 24:29 | Build | Lumber Camp |
| 24:31 | Queue | Villager (Male) |
| 25:05 | Queue | Flemish Militia |
| 25:05 | Queue | Flemish Militia |
| 25:05 | Queue | Flemish Militia |
| 25:20 | Build | Market |
| 25:23 | Build | House |
| 25:35 | Research | Scale Mail Armor |
| 26:08 | Queue | Flemish Militia |
| 26:10 | Queue | Flemish Militia |
| 26:28 | Queue | Flemish Militia |
| 26:28 | Queue | Flemish Militia |
| 26:29 | Queue | Flemish Militia |
| 26:47 | Queue | Villager (Male) |
| 26:48 | Build | Farm |
Match timeline
| 2:28 | SVTT | Альпинист · first_building Barracks |
| 5:19 | nW | AtilA · wall_segment Palisade Wall x1 |
| 7:30 | nW | AtilA · first_building Barracks |
| 8:39 | nW | AtilA · wall_segment Palisade Wall x1 |
| 11:10 | nW | AtilA · age_up feudal |
| 11:11 | nW | AtilA · wall_segment Palisade Wall x1 |
| 11:16 | nW | AtilA · first_building Archery Range |
| 11:22 | nW | AtilA · wall_segment Palisade Wall x1 |
| 11:50 | SVTT | Альпинист · age_up feudal |
| 12:14 | SVTT | Альпинист · first_building Archery Range |
| 13:24 | nW | AtilA · wall_segment Palisade Wall x1 |
| 13:25 | nW | AtilA · wall_segment Palisade Wall x1 |
| 13:27 | nW | AtilA · wall_segment Palisade Wall x1 |
| 14:34 | SVTT | Альпинист · wall_segment Palisade Wall x18 |
| 16:20 | SVTT | Альпинист · wall_segment Palisade Wall x1 |
| 21:23 | SVTT | Альпинист · first_market_sell 500 stone |
| 21:24 | SVTT | Альпинист · first_market_buy 100 food |
| 23:57 | SVTT | Альпинист · wall_segment Palisade Wall x1 |
| 24:32 | SVTT | Альпинист · age_up castle |
| 26:28 | SVTT | Альпинист · wall_segment Palisade Wall x1 |
| 26:38 | nW | AtilA · first_market_sell 500 wood |
| 26:40 | nW | AtilA · first_market_buy 500 food |
| 27:02 | SVTT | Альпинист · first_building Siege Workshop |
| 27:57 | nW | AtilA · resign |
[ AI ANALYSIS · 1 CREDIT ]
What really happened in this match?
Wolo.gg analyzes every decision: build order, eco, micro, common mistakes by bracket. Personalized analysis on WhatsApp or Discord in 30 seconds.
Civ guide
Aztecs
Perfil
Jugador #6375678